 Dungeon Crawl Stone Soup version 0.32-a0-468-g38b2580584 (webtiles) character file.

Game seed: 8416527535866739516

75240 gimp the Martial Artist (level 15, -8/107 (113) HPs)
             Began as a Demonspawn Shapeshifter on Feb 24, 2024.
             Was a Priest of Ru.
             Incinerated by Puly's ghost (20 damage)
             ... with a sticky flame
             ... on level 5 of the Lair of Beasts.
             The game lasted 00:33:27 (20200 turns).

gimp the Martial Artist (Demonspawn Shapeshifter)  Turns: 20200, Time: 00:33:28

HP:   -8/107 (113)  AC:  4    Str: 14    XL:     15   Next: 9%
MP:   15/15         EV: 32    Int: 11    God:    Ru [***...]
Gold: 1674          SH:  5    Dex: 24    Spells: 14/14 levels left

rFire   . .          .
                       - Unarmed
rCold   . . .        (shield currently unavailable)
rNeg    . . .        s - melded +1 leather armour {rF+}
rPois   .            a - +0 helmet
rElec   .            (cloak unavailable)
rCorr   .            g - +0 pair of gloves
SInv    .            H - +1 pair of boots {Fly}
Will    +....        f - amulet of reflection
Stlth   ++           b - +4 ring of slaying
HPRegen 0.37/turn    I - +5 ring of evasion
MPRegen 0.28/turn

%: inaccuracy (-5), reflection
@: on fire, flux-form, flying, glowing, drained
A: glow, contaminating, thin skeletal structure 3, demonic guardian 3, screaming
1, weak 1, magic regeneration, inability to train armour, missing an eye,
weakness stinger 3
a: Begin Untransformation, Renounce Religion, Draw Out Power


You were on level 5 of the Lair of Beasts.
You worshipped Ru.
Ru was most pleased with you.
You were something dangerously unstable.
You visited 3 branches of the dungeon, and saw 18 of its levels.
You also visited: Bailey and Volcano.

You collected 1878 gold pieces.
You spent 204 gold pieces at shops.

Inventory:

Missiles
 u - 3 throwing nets (quivered)
Armour
 a - a +0 helmet (worn)
 g - a +0 pair of gloves (worn)
 i - a +0 cloak
 s - a +1 leather armour of fire resistance (melded)
 H - a +1 pair of boots of flying (worn)
Jewellery
 b - a +4 ring of slaying (left hand)
 f - an amulet of reflection (around neck)
 h - a ring of magical power
 z - an amulet of the acrobat
 A - a ring of ice
 D - a ring of see invisible
 E - a ring of willpower
 I - a +5 ring of evasion (right hand)
 J - a ring of flight
 K - a ring of resist corrosion
 Q - a ring of poison resistance
Talismans
 c - a beast talisman
 d - a flux talisman (active)
 F - a maw talisman
Wands
 p - a wand of flame (21)
 r - a wand of iceblast (17)
 v - a wand of quicksilver (5)
 R - a wand of mindburst (8)
Scrolls
 l - 2 scrolls of vulnerability
 n - 2 scrolls of fog
 w - 2 scrolls of revelation
 y - 3 scrolls of immolation
 B - 6 scrolls of blinking
 L - 2 scrolls of teleportation
 N - a scroll of poison
 P - a scroll of enchant armour
 S - 2 scrolls of identify
Potions
 e - 8 potions of ambrosia
 j - 5 potions of might
 k - 2 potions of curing
 m - 4 potions of enlightenment
 o - 5 potions of mutation
 q - 2 potions of invisibility
 t - 2 potions of haste
 x - 2 potions of heal wounds
 C - 2 potions of cancellation
 G - a potion of resistance
 O - a potion of lignification
 T - a potion of berserk rage


   Skills:
 + Level 9.2 Fighting
 + Level 12.6 Dodging
 + Level 13.8 Unarmed Combat
 + Level 11.8 Shapeshifting


You had 14 spell levels left.
You didn't know any spells.
Your spell library contained the following spells:

 Spells                   Type           Power      Damage    Failure   Level
 Freeze                   Ice            0%         1d3       34%         1
 Sandblast                Erth           0%         2d4       34%         1
 Static Discharge         Conj/Air       0%         3-3/arc   47%         2
 Frozen Ramparts          Ice            0%         1d1       71%         3
 Hailstorm                Conj/Ice       0%         3d5       71%         3
 Passwall                 Erth           0%         N/A       71%         3
 Stone Arrow              Conj/Erth      0%         3d7       71%         3
 Summon Ice Beast         Ice/Summ       0%         N/A       71%         3
 Brom's Barrelling Bould  Conj/Erth      0%         2d3       98%         4
 Fulminant Prism          Conj/Alch      0%         3d5       98%         4
 Manifold Assault         Tloc           0%         N/A       98%         4
 Dispersal                Tloc           0%         N/A       100%        6
 Sculpt Simulacrum        Ice/Alch       0%         N/A       100%        6
 Spellforged Servitor     Conj/Summ      0%         N/A       100%        7
 Disjunction              Tloc           0%         N/A       100%        8


Dungeon Overview and Level Annotations

Branches:
Dungeon (12/15)            Temple (1/1) D:6            Lair (5/5) D:8
 Shoals (0/4) Lair:3        Snake (0/4) Lair:2        Slime (0/5) Lair:4
    Orc (0/2) D:11         Bailey (visited)         Volcano (visited)

Altars:
Ashenzari
Cheibriados
Dithmenos
Fedhas
Gozag
Hepliaklqana
Kikubaaqudgha
Makhleb
Nemelex Xobeh
Okawaru
Qazlal
Ru
Sif Muna
Trog
Uskayaw
Vehumet
Wu Jian
Xom
Yredelemnul
Beogh
Jiyva

Shops:
D:4 ?

Annotations:
D:5 3 runed translucent doors, exclusion: 3 doors, Sirjeffry24's ghost, novice CoBe
D:9 exclusion: door
D:10 3 runed translucent doors, exclusion: 3 doors, TheBioAlchemist's ghost, journeyman CoGl
Lair:4 1 runed translucent door, exclusion: door
Lair:5 exclusion: 3 doors, Puly's ghost, journeyman MDRe


Innate Abilities, Weirdness & Mutations

You are something dangerously unstable.
You glow with magical radiation, making you easy to see and hit.
Foes you strike become dangerously contaminated with magical radiation.
You are incapable of wielding weapons or throwing items.
You have an unnaturally thin skeletal structure. (Dex +6, Stealth+++)
A powerful demonic guardian rushes to your aid.
You occasionally shout uncontrollably at your foes.
You are weak. (Str -2)
You regenerate magic rapidly.
You cannot train Armour skill.
You are missing an eye, making it more difficult to aim.
You have a sharp stinger which inflicts weakening toxins.


Message History

The cane toad stings you.
You are poisoned.
The cane toad poisons you!
You take 1 damage, and have 112/113 hp.
You hit the cane toad.
The cane toad begins to glow.
The cane toad is almost dead.
You feel very sick. The cane toad stings you.
You take 4 damage, and have 108/113 hp.
You hit the cane toad.
You kill the cane toad!
You feel very sick.
You take 2 damage, and have 106/113 hp.
No target in view!
No target in view!
No target in view!
You feel sick.
You feel sick.
You feel sick.
You feel sick.
You feel sick.
You feel sick.
You feel sick.
You feel sick.
You feel sick.
You are no longer poisoned.
Puly's ghost turns its malevolent gaze towards you.
Health restored: 113 Could not explore, unopened runed door.
Unknown command.
As you open the door, it creaks loudly!
You punch Puly's ghost!
Puly's ghost begins to glow.
You tail-slap Puly's ghost.
Puly's ghost is lightly damaged.
You punch Puly's ghost!
Puly's ghost glows dangerously bright.
Puly's ghost is lightly damaged.
Puly's ghost hits you!
You take 15 damage, and have 98/113 hp.
You closely miss Puly's ghost.
Puly's ghost is lightly damaged.
Puly's ghost gestures at you while chanting.
The fragment of death hits you!!
You feel drained.
You take 31 damage, and have 67/107 hp.
MASSIVE DAMAGE!!
You hit Puly's ghost.
Puly's ghost shudders as magic cascades through it!!!
Puly's ghost is heavily damaged.
Puly's ghost sprays you with burning goo.
The sticky flame hits you!
You are covered in intense liquid fire!
You take 7 damage, and have 60/107 hp.
You hit Puly's ghost.
Puly's ghost begins to glow.
You tail-slap Puly's ghost, but do no damage.
Puly's ghost is heavily damaged.
The liquid fire burns you!
You take 8 damage, and have 52/107 hp.
You are too injured to fight recklessly!
You are too injured to fight recklessly!
You hit Puly's ghost but do no damage.
Puly's ghost glows dangerously bright.
Puly's ghost is heavily damaged.
The liquid fire burns you! Puly's ghost completely misses you.
You take 6 damage, and have 46/107 hp.
You hit Puly's ghost.
Puly's ghost shudders as magic cascades through it!!
You tail-slap Puly's ghost, but do no damage.
Puly's ghost is almost destroyed.
The liquid fire burns you!
Puly's ghost begins to cast a spell, but is stunned by your conviction!
You take 11 damage, and have 35/107 hp.
You closely miss Puly's ghost.
Puly's ghost is almost destroyed.
The liquid fire burns you!
* * * LOW HITPOINT WARNING * * *
You take 8 damage, and have 27/107 hp.
You shake off some of the fire as you move.
The liquid fire burns you!
* * * LOW HITPOINT WARNING * * *
A demonic guardian appears!
You take 13 damage, and have 14/107 hp.
You shake off some of the fire as you move.
The liquid fire burns you!
* * * LOW HITPOINT WARNING * * *
Puly's ghost attacks as it pursues you!
Puly's ghost is stunned by your conviction and fails to attack.
Your cacodemon hits Puly's ghost!! Your cacodemon misses Puly's ghost.
You take 11 damage, and have 3/107 hp.
You feel much better. The liquid fire burns you!
* * * LOW HITPOINT WARNING * * *
Puly's ghost sprays you with burning goo.
The sticky flame hits you.
You are even more covered in intense liquid fire!
* * * LOW HITPOINT WARNING * * *
Your cacodemon gestures at Puly's ghost.
Puly's ghost resists with some effort.
You regained 9 hp, and now have 12/107 hp.
You shake off some of the fire as you move.
The liquid fire burns you!
You die...
Ru respects your ultimate sacrifice.

..###......###...#.....#.#.......
...........#.#........###........
....#).##.#.#....P....##.........
................P.....#......#...
..P#..............#...##.#.......
..###...........####...##÷...#...
..###............# #..#.......#..
...##.P..........####........##..
...#..###......2p.##P....#.......
...##.#....#'#W.........#....#...
#.........##.##...#.#...#....#...
..P#.....##...##.......###...#...
...#....##.....##......##........
#.......#⌠.?♣!.⌠#......###.......
♣.......##..?..##........#[.##...
♣♣♣♣♣....##...##.........#..##...
P.♣♣♣.#...##⌠##........#....#.#..


You could see Puly's ghost (distracted, drained, ally target) and a friendly
cacodemon (summoned).

Vanquished Creatures
  Harold (Lair:2)
  A catoblepas (Lair:2)
  A hydra (Lair:2)
  A boulder beetle (Lair:1)
  3 two-headed ogres
  Nergalle (D:11)
  Amaemon (Lair:2)
  A skyshark (Lair:5)
  An orc knight (Bailey)
  A manticore (D:9)
  4 elephants (Lair:3)
  Maurice (D:8)
  A cyclops (D:11)
  A salamander (Volcano)
  A meliai (D:9)
  5 black mambas
  A torpor snail (Lair:2)
  2 gargoyles
  An orange demon (Lair:2)
  A rime drake (Lair:5)
  11 cane toads
  2 unseen horrors (D:11)
  10 komodo dragons
  2 trolls
  2 hornets
  A queen bee (Lair:1)
  3 polar bears
  14 blink frogs
  9 dream sheep
  A spriggan (Lair:3)
  4 wyverns
  A wraith (D:11)
  40 yaks
  3 basilisks
  2 steam dragons
  8 vampire mosquitoes (D:10)
  2 nagas (Lair:2)
  An acid dragon (D:11)
  18 water moccasins
  A hell hound (Volcano)
  3 black bears
  11 orc warriors
  2 sky beasts (D:7)
  13 wolves
  3 ogres
  5 centaurs
  2 kobold brigands
  15 bullfrogs
  2 gnoll sergeants
  15 killer bees
  4 lava snakes (D:11)
  2 hounds
  2 bombardier beetles
  3 jellies (D:5)
  8 orc priests (D:8)
  An iguana (D:7)
  7 orc wizards
  Robin (D:2)
  7 gnolls
  17 adders
  A white imp (D:6)
  A ribbon worm (D:4)
  5 dart slugs
  36 orcs
  3 bats
  7 endoplasms
  3 giant cockroaches
  15 hobgoblins
  6 jackals
  6 quokkas
  9 ball pythons
  5 frilled lizards
  15 goblins
  29 kobolds
  2 rats (D:2)
431 creatures vanquished.

Vanquished Creatures (collateral kills)
  A two-headed ogre (D:9)
  A centaur warrior (D:9)
  A hell hog (Volcano)
  2 harpies (Lair:3)
  4 salamanders (Volcano)
  3 komodo dragons (Lair:1)
  An efreet (D:9)
  4 dream sheep (Lair:1)
  2 yaks
  A steam dragon (D:4)
  A hell hound (Volcano)
  2 orc warriors
  A centaur (D:8)
  A scorpion (D:4)
  12 killer bees (Lair:1)
  An orc priest (D:9)
  2 orc wizards
  Ijyb (D:2)
  2 iguanas
  3 gnolls
  An adder (D:1)
  An orc (D:9)
  A jackal (D:4)
  A kobold (Bailey)
  A quokka (D:4)
51 creatures vanquished.

Vanquished Creatures (others)
  A hydra (Lair:5)
  A killer bee (Lair:1)
  2 orcs (D:5)
4 creatures vanquished.

Grand Total: 486 creatures vanquished

Notes
Turn   | Place    | Note
-------+----------+-------------------------------------------
     0 | D:1      | gimp the Demonspawn Shapeshifter began the quest for the
                  | Orb.
     0 | D:1      | Reached XP level 1. HP: 15/15 MP: 1/1
   146 | D:1      | Got Sif Muna's Cyclopedia of the Cloudy Discharge
   290 | D:1      | Gained mutation: A weak demonic guardian rushes to your
                  | aid. [demonic ancestry]
   290 | D:1      | Reached XP level 2. HP: 14/21 MP: 2/2
   726 | D:1      | Reached skill level 3 in Unarmed Combat
   834 | D:2      | Gained mutation: You have a somewhat thin skeletal
                  | structure. (Dex +2, Stealth+) [demonic ancestry]
   834 | D:2      | Reached XP level 3. HP: 26/26 MP: 3/3
  1290 | D:2      | Gained mutation: A demonic guardian rushes to your aid.
                  | [demonic ancestry]
  1290 | D:2      | Reached XP level 4. HP: 31/33 MP: 4/4
  1330 | D:2      | Found a faded altar of an unknown god.
  1733 | D:3      | Noticed Robin
  1733 | D:3      | Noticed Ijyb
  1746 | D:2      | Killed Ijyb
  1849 | D:2      | Killed Robin
  1982 | D:3      | Found a snail-covered altar of Cheibriados.
  2127 | D:3      | Reached XP level 5. HP: 39/39 MP: 5/5
  2737 | D:4      | Found Worchit's Magic Scroll Shoppe.
  2921 | D:4      | Noticed a steam dragon
  2944 | D:4      | Killed a steam dragon
  2945 | D:4      | Reached skill level 4 in Unarmed Combat
  2945 | D:4      | Gained mutation: You have a moderately thin skeletal
                  | structure. (Dex +4, Stealth++) [demonic ancestry]
  2945 | D:4      | Reached XP level 6. HP: 37/47 MP: 6/6
  3178 | D:4      | Bought a scroll of blinking for 90 gold pieces
  3178 | D:4      | Bought a scroll of identify for 24 gold pieces
  3178 | D:4      | Bought a scroll of revelation for 90 gold pieces
  3740 | D:5      | Entered Level 5 of the Dungeon
  3766 | D:5      | Gained mutation: You regenerate magic rapidly. [demonic
                  | ancestry]
  3766 | D:5      | Reached XP level 7. HP: 12/53 MP: 7/7
  4255 | D:5      | Found a runed translucent gate.
  4255 | D:5      | Found a runed translucent gate.
  4256 | D:5      | Found a runed translucent gate.
  4263 | D:5      | Noticed Sirjeffry24's ghost (novice CoBe)
  5223 | D:6      | Identified the +4 ring mail of Wugaid {Int+3}
  5304 | D:6      | Found a staircase to the Ecumenical Temple.
  5331 | D:6      | Reached skill level 5 in Unarmed Combat
  5331 | D:6      | Gained mutation: A powerful demonic guardian rushes to your
                  | aid. [demonic ancestry]
  5331 | D:6      | Reached XP level 8. HP: 61/61 MP: 8/8
  5332 | Temple   | Entered the Ecumenical Temple
  5372 | Temple   | Became a worshipper of Ru the Awakened
  5584 | D:6      | Found a hazy altar of Hepliaklqana.
  6056 | D:7      | Reached skill level 5 in Fighting
  6056 | D:7      | Reached skill level 5 in Shapeshifting
  6233 | D:7      | Reached skill level 5 in Dodging
  6585 | D:7      | Reached skill level 6 in Unarmed Combat
  6585 | D:7      | Gained mutation: You have a small tail. [demonic ancestry]
  6585 | D:7      | Reached XP level 9. HP: 39/69 MP: 9/9
  7084 | D:8      | Noticed Maurice
  7192 | D:8      | Found a radiant altar of Vehumet.
  7221 | D:8      | Noticed a komodo dragon
  7234 | D:8      | Killed a komodo dragon
  7263 | D:8      | Found a flagged portal.
  7312 | Bailey   | Entered a bailey
  7385 | Bailey   | Gained mutation: You are missing an eye, making it more
                  | difficult to aim. [Ru sacrifice]
  7385 | Bailey   | Reached * piety under Ru
  7415 | Bailey   | Noticed an orc knight
  7437 | Bailey   | Killed an orc knight
  7460 | Bailey   | Reached skill level 7 in Unarmed Combat
  7909 | D:8      | Something stole a ring of ice
  7914 | D:8      | Something stole a maw talisman
  7917 | D:8      | Maurice stole 216 gold
  7919 | D:8      | Killed Maurice
  7920 | D:8      | Gained mutation: You have an unnaturally thin skeletal
                  | structure. (Dex +6, Stealth+++) [demonic ancestry]
  7920 | D:8      | Reached XP level 10. HP: 62/79 MP: 7/10
  8117 | D:8      | Found a staircase to the Lair.
  8800 | D:8      | Found a roughly hewn altar of Beogh.
  9481 | D:9      | Noticed a centaur warrior
  9494 | D:9      | Killed a centaur warrior
  9495 | D:9      | Reached skill level 8 in Unarmed Combat
  9740 | D:9      | Noticed a two-headed ogre
  9753 | D:9      | Killed a two-headed ogre
  9775 | D:9      | Noticed a manticore
  9785 | D:9      | Killed a manticore
  9888 | D:9      | Noticed a gargoyle
  9896 | D:9      | Killed a gargoyle
  9897 | D:9      | Gained mutation: You have a tail ending in a sharp stinger.
                  | [demonic ancestry]
  9897 | D:9      | Reached XP level 11. HP: 87/87 MP: 11/11
 10123 | D:9      | Found a shimmering blue altar of Sif Muna.
 10150 | D:9      | Got Sif Muna's Excursus on the Volcano
 10728 | D:10     | Entered Level 10 of the Dungeon
 10732 | D:10     | Found a stormy altar of Qazlal.
 10760 | D:10     | Found a runed translucent gate.
 10760 | D:10     | Found a runed translucent gate.
 10760 | D:10     | Found a runed translucent gate.
 10760 | D:10     | Noticed TheBioAlchemist's ghost (journeyman CoGl)
 10779 | D:9      | Noticed a six-headed hydra
 11029 | D:10     | Found an iron altar of Okawaru.
 11131 | D:10     | Gained mutation: You cannot train Armour skill. [Ru
                  | sacrifice]
 11131 | D:10     | Reached ** piety under Ru
 11716 | D:10     | Found a basalt altar of Yredelemnul.
 11823 | D:11     | Reached skill level 9 in Unarmed Combat
 11931 | D:11     | Noticed Nergalle
 11943 | D:11     | Killed Nergalle
 12056 | D:11     | Identified the +8 dagger of Tefiqed {holy, rC+ rN+ Stlth+}
 12393 | D:11     | Found a staircase to the Orcish Mines.
 12611 | D:11     | Identified the +0 ring mail of Instinct {Fly rPois rN+
                  | Slay-6}
 12680 | D:11     | Noticed a two-headed ogre
 12691 | D:11     | Killed a two-headed ogre
 12780 | D:11     | Identified the +8 chain mail of Inviolability {rC+ Str+4
                  | Int-2 Slay+4}
 12887 | Lair:1   | Entered Level 1 of the Lair of Beasts
 12937 | Lair:1   | Noticed a boulder beetle
 13001 | Lair:1   | Reached XP level 12. HP: 64/95 MP: 12/12
 13256 | Lair:1   | Killed a boulder beetle
 13257 | Lair:1   | Reached skill level 10 in Unarmed Combat
 13353 | Lair:1   | Reached skill level 10 in Dodging
 14198 | Lair:2   | Noticed a five-headed hydra
 14293 | Lair:2   | Noticed Amaemon
 14506 | Lair:2   | Killed a five-headed hydra
 14511 | Lair:2   | Found a dark tunnel.
 14580 | Volcano  | Entered a volcano
 14660 | Volcano  | Noticed a two-headed ogre
 14662 | Volcano  | Noticed a two-headed ogre
 14666 | Volcano  | Reached skill level 10 in Shapeshifting
 14666 | Volcano  | Killed a two-headed ogre
 14669 | Volcano  | Killed a two-headed ogre
 14670 | Volcano  | Reached skill level 11 in Unarmed Combat
 14803 | Volcano  | Noticed a hell hog
 14810 | Volcano  | Killed a hell hog
 14818 | Volcano  | HP: 2/95 [salamander/+2 trident of flaming (4)]
 15255 | Lair:2   | Noticed Harold
 15280 | Lair:2   | Killed Harold
 15365 | Lair:2   | Gained mutation: You occasionally shout uncontrollably at
                  | your foes. [Ru sacrifice]
 15561 | Lair:2   | Reached XP level 13. HP: 87/101 MP: 13/13
 15835 | Lair:2   | Found a staircase to the Snake Pit.
 16178 | Lair:2   | Killed Amaemon
 17311 | Lair:3   | Found a staircase to the Shoals.
 17592 | Lair:4   | Found a runed translucent door.
 17626 | Lair:4   | Found a viscous altar of Jiyva.
 17626 | Lair:4   | Found a staircase to the Slime Pits.
 17626 | Lair:4   | Noticed an acid blob
 17626 | Lair:4   | Noticed an acid blob
 17692 | Lair:4   | Reached skill level 12 in Unarmed Combat
 17937 | Lair:4   | Gained mutation: You are weak. (Str -2) [Ru sacrifice]
 17937 | Lair:4   | Reached *** piety under Ru
 18760 | Lair:5   | Entered Level 5 of the Lair of Beasts
 19370 | Lair:5   | Reached XP level 14. HP: 82/105 MP: 14/14
 19437 | Lair:5   | Reached skill level 13 in Unarmed Combat
 19437 | Lair:5   | Gained mutation: You have a sharp stinger which inflicts
                  | weakening toxins. [demonic ancestry]
 19437 | Lair:5   | Reached XP level 15. HP: 110/110 MP: 15/15
 19587 | Lair:5   | Noticed Puly's ghost (journeyman MDRe)
 19676 | Lair:5   | Identified a scroll of acquirement
 19677 | Lair:5   | Acquired 965 gold pieces
 19764 | Lair:5   | Found a runed translucent door.
 20198 | Lair:5   | HP: 3/107 [burnt (11)]
 20200 | Lair:5   | Incinerated by Puly's ghost

Illustrated notes

Levels and vault maps discovered:
D:1:      beargit_arrival_greenhouse, layout_rooms, hex_medium
D:2:      minmay_angry_zag, layout_basic, shapermc_ecumenical_altar_ellora
D:3:      layout_loops_ring, nicolae_overflow_crystal_walls, nicolae_goblin_pals
D:4:      cheibrodos_helix_gallery, layout_basic, serial_shops,
          nicolae_shop_waterfront, minmay_fractal_squares_gapless_5
D:5:      layout_rooms, ebering_ghost_rock_garden, chequers_arboretum
D:6:      layout_loops_ring, nzn_hepliaklqana_mist_gate,
          minmay_temple_entry_drinking_statues
D:7:      layout_loops_ring, lightli_orcish_oven
D:8:      layout_basic, overflow_temple_1_default, due_lair_maze_entry_diamond,
          enter_bailey_8, david_defended_altar_orc, uniq_maurice
D:9:      minmay_diamond_stairs, layout_small_grid, led_sif_book
D:10:     layout_loops_ring, okawaru_altar_gauntlet_db,
          mainiacjoe_overflow_six_doors_small, lemuel_round_altar,
          ebering_ghost_rock_garden
D:11:     layout_basic, orc_0_dummy, kennysheep_boxes, uniq_nergalle
D:12:     layout_long_grid, serial_shops, shop, nicolae_shop_crystal,
          shop_fountains, nicolae_lakefront_shop, shop_statue, uniq_sonja,
          uniq_lodul
Temple:   regret_index_temple_waves
Lair:1:   layout_cave_shapes, special_room [special_room_bee],
          patterned_corridor
Lair:2:   layout_cave_pods, guppyfry_snake_entry_garden, enter_volcano_2,
          uniq_amaemon, uniq_harold
Lair:3:   layout_cave_shapes, nicolae_shoals_entry_roost,
          grunt_forest_large_clearings
Lair:4:   minmay_lair_venomous_thicket, layout_concentric_octagons,
          slime_entry_2, grunt_megastairs_1
Lair:5:   due_jungle_book, layout_long_grid, serial_forest,
          infiniplex_forest_straight_4, infiniplex_forest_zigzag_1,
          infiniplex_forest_clump_double, infiniplex_forest_fountain,
          infiniplex_forest_clump_medium, hellmonk_ghost_happy_afterlife

Skill      XL: |  1  2  3  4  5  6  7  8  9 10 11 12 13 14 |
---------------+-------------------------------------------+-----
Dodging        | 2 3 4 5 6 8 9 11 12 | 12.6
Unarmed Combat | 3 4 5 6 7 8 9 11 12 13 | 13.8
Shapeshifting  | 3 4 5 6 7 9 10 11 | 11.8
Fighting       | 2 3 4 5 7 8 9 |  9.2

Action                     |  1- 3 |  4- 6 |  7- 9 | 10-12 | 13-15 || total
---------------------------+-------+-------+-------+-------+-------++-------
  Melee: Unarmed           |   106 |   184 |   245 |   649 |   632 ||  1816
         Punch             |     2 |     1 |    10 |     3 |       ||    16
         Tailslap          |       |       |    20 |   100 |   146 ||   266
 Invoke: Sacrifice an Eye  |       |       |     1 |       |       ||     1
         Sacrifice Durabil |       |       |       |     1 |       ||     1
         Sacrifice Purity  |       |       |       |     1 |     1 ||     2
         Draw Out Power    |       |       |       |       |     1 ||     1
  Evoke: Wand              |       |     2 |    12 |    13 |       ||    27
    Use: Potion            |       |     2 |     1 |    16 |     2 ||    21
         Scroll            |       |     2 |     2 |    20 |     5 ||    29
   Stab: Sleeping          |     3 |    12 |     6 |     6 |     3 ||    30
         Distracted        |     2 |       |     1 |     2 |     5 ||    10
         Paralysed         |       |       |       |     1 |       ||     1
         Invisible         |       |       |       |       |     1 ||     1
 Armour: Animal skin       |    50 |    12 |       |       |       ||    62
         Leather armour    |       |    75 |    92 |    22 |       ||   189
         Skin              |       |     5 |     4 |   259 |   108 ||   376
  Dodge: Dodged            |    48 |    93 |   207 |   712 |   518 ||  1578
  Block: Other             |       |       |       |   106 |   102 ||   208
         Reflection        |       |       |       |     4 |     1 ||     5
   Form: Beast             |     1 |       |       |     2 |       ||     3
                           |     1 |       |       |       |       ||     1
         Flux              |       |       |     1 |     2 |       ||     3

Table legend: (Time is in decaauts)
 A = Elapsed time spent in this place.
 B = Non-inter-level travel time spent in this place.
 C = Inter-level travel time spent in this place.
 D = Time resting spent in this place.
 E = Time spent auto-exploring this place.
 F = Levels seen in this place.
 G = Mean time per level.
                   A        B        C        D        E       F      G
               +--------+--------+--------+--------+--------+-----+--------+
         Total |  19951 |  19243 |    708 |   1320 |  13928 |  20 |  997.5 |
       Dungeon |  12141 |  11673 |    468 |    472 |   9137 |  12 | 1011.8 |
        Temple |     80 |      2 |     78 |      0 |      0 |   1 |   80.0 |
          Lair |   6532 |   6371 |    161 |    410 |   4529 |   5 | 1306.4 |
        Bailey |    580 |    580 |      0 |     25 |    201 |   1 |  580.0 |
       Volcano |    617 |    617 |      0 |    413 |     61 |   1 |  617.0 |
               +--------+--------+--------+--------+--------+-----+--------+

Top non-repeatable levels by time:
  Lair:2: 1838 daAuts
     D:9: 1573 daAuts
     D:8: 1558 daAuts
  Lair:1: 1327 daAuts
  Lair:5: 1283 daAuts
     D:7: 1238 daAuts
  Lair:4: 1226 daAuts
     D:2: 1144 daAuts
     D:4: 1124 daAuts
    D:10: 1033 daAuts
    D:11: 1028 daAuts
     D:5: 990 daAuts
     D:6: 864 daAuts
  Lair:3: 855 daAuts
     D:3: 801 daAuts
